 Dungeon Crawl Stone Soup version 0.31-a0-971-g75a2e9a4b4 (console) character file.

Game seed: 13985282798056694754

120891 jejorda2 the Cleaver (level 16, 0/195 HPs)
             Began as a Gnoll Berserker on Oct 28, 2023.
             Was a High Priest of Trog.
             Slain by an imperial myrmidon
             ... wielding a +0 scimitar
              (13 damage)
             ... in the Desolation of Salt on Oct 29, 2023.
             The game lasted 01:46:29 (31729 turns).

jejorda2 the Cleaver (Gnoll Berserker)             Turns: 31729, Time: 01:46:30

Health: 0/195      AC: 30    Str: 33    XL:     16   Next: 83%
Magic:  31/31      EV: 10    Int:  8    God:    Trog [*****.]
Gold:   2621       SH:  0    Dex: 11    Spells: 37/37 levels left

rFire   + + .        a - +4 war axe (freeze)
rCold   + . .        H - +0 kite shield
rNeg    + . .        K - +0 crystal plate armour of Whack-A-Mole {rC+ Will+ Slay+3 SInv}
rPois   +            k - +2 helmet
rElec   +            C - +0 cloak "Miunn" {rF++}
rCorr   .            (no gloves)
SInv    +            V - +2 pair of boots
Will    .....        o - amulet of faith Stlth
                     t - +6 ring of strength
HPRegen 0.52/turn    E - ring of the Jester {rElec rPois rN+ Will- Str+3}
MPRegen 0.22/turn

%: faith
@: confused, mighty, berserking (expiring), weak-willed, hasted and slowed,
studying Shields
A: fangs 1, strong nose, distributed training
a: Renounce Religion, Berserk, Trog's Hand, Brothers in Arms


You were in the Desolation of Salt.
You worshipped Trog.
Trog was extremely pleased with you.
You visited 5 branches of the dungeon, and saw 24 of its levels.
You also visited: Gauntlet, Ice Cave and Desolation.

You collected 2807 gold pieces.
You spent 186 gold pieces at shops.

Inventory:

Hand Weapons
 a - a +4 war axe of freezing (weapon)
 b - a +1 eveningstar of protection
Missiles
 c - 26 boomerangs (quivered)
 g - 4 atropa-tipped darts
 r - 10 curare-tipped darts
 G - 6 silver javelins
 N - 12 javelins
 P - 4 throwing nets
 Q - 4 darts of dispersal
 U - 21 poisoned darts
 W - 3 datura-tipped darts
Armour
 k - a +2 helmet (worn)
 C - the +0 cloak "Miunn" (worn) {rF++}
   (You acquired it on level 12 of the Dungeon)

   rF++:      It greatly protects you from fire.
 H - a +0 kite shield (worn)
 K - the +0 crystal plate armour of Whack-A-Mole (worn) {rC+ Will+ Slay+3 SInv}
   (You acquired it on level 12 of the Dungeon)

   Slay+3:    It affects your accuracy & damage with ranged weapons and melee
   (+3).
   rC+:       It protects you from cold.
   Will+:     It increases your willpower.
   SInv:      It lets you see invisible.
 V - a +2 pair of boots (worn)
Jewellery
 f - a ring of see invisible
 o - an amulet of faith (around neck)
 t - a +6 ring of strength (left hand)
 E - the ring of the Jester (right hand) {rElec rPois rN+ Will- Str+3}
   (You found it on level 4 of the Lair of Beasts)

   [ring of positive energy]

   Str+3:     It affects your strength (+3).
   rElec:     It insulates you from electricity.
   rPois:     It protects you from poison rN+: It protects you from negative
   energy.
   Will-:     It decreases your willpower.
Wands
 h - a wand of polymorph (3)
 y - a wand of mindburst (29)
 z - a wand of paralysis (18)
 J - a wand of roots (27)
 M - a wand of digging (6)
 O - a wand of flame (36)
 S - a wand of quicksilver (5)
Scrolls
 j - 4 scrolls of blinking
 l - 4 scrolls of poison
 m - 6 scrolls of teleportation
 p - 3 scrolls of identify
 s - 2 scrolls of immolation
 w - 2 scrolls of fear
 B - a scroll of butterflies
 I - 2 scrolls of fog
Potions
 d - 14 potions of curing
 q - 4 potions of resistance
 v - a potion of ambrosia
 A - 2 potions of cancellation
 F - a potion of attraction
 R - a potion of enlightenment
Miscellaneous
 e - a lightning rod (1/4)


   Skills:
 + Level 13.0 Fighting
 + Level 11.4 Short Blades
 + Level 11.4 Long Blades
 + Level 13.0 Axes
 + Level 11.4 Maces & Flails
 + Level 11.4 Polearms
 + Level 11.4 Staves
 + Level 11.4 Ranged Weapons
 + Level 11.4 Throwing
 + Level 12.2 Armour
 + Level 12.2 Dodging
 + Level 11.4 Stealth
 + Level 12.8 Shields
 + Level 11.4 Unarmed Combat
 + Level 11.4 Spellcasting
 + Level 9.6 Conjurations
 + Level 9.6 Hexes
 + Level 9.6 Summonings
 + Level 9.6 Necromancy
 + Level 9.6 Translocations
 + Level 9.6 Transmutations
 + Level 9.6 Fire Magic
 + Level 9.6 Ice Magic
 + Level 9.6 Air Magic
 + Level 9.6 Earth Magic
 + Level 9.6 Poison Magic
 + Level 12.3 Invocations
 + Level 11.4 Evocations
 + Level 10.4 Shapeshifting


You had 37 spell levels left.
You didn't know any spells.
Your spell library was empty.

Dungeon Overview and Level Annotations

Branches:
Dungeon (15/15)            Temple (0/1) D:7            Lair (5/5) D:8
 Shoals (0/4) Lair:3       Spider (1/4) Lair:2        Slime (0/5) Lair:4
    Orc (2/2) D:11            Elf (1/3) Orc:2        Vaults (0/5) D:14
 Depths (0/4) D:15          IceCv (visited)         Desolation (1/1)
Gauntlet (visited)

Altars:
Cheibriados
Elyvilon
Fedhas
Gozag
Nemelex Xobeh
Ru
Sif Muna
Trog
Vehumet
Wu Jian

Shops:
D:1 ?   D:13 :   Orc:1 :   Orc:2 *[:((?[

Annotations:
D:5 exclusion: statue
Lair:4 Loot past crab


Innate Abilities, Weirdness & Mutations

You have very sharp teeth.
Your uncanny sense of smell can sniff out nearby items.
Your experience applies equally to all skills.


Message History

Unknown command.
You feel better. The saltling hits you!
* * * LOW HITPOINT WARNING * * *
The saltling hits you but does no damage.
Unknown command.
Aiming: Thunderbolt
Press: ? - help, Shift-Dir - straight line, f - imperial myrmidon
Aim: an imperial myrmidon, wielding a +2 demon blade of venom and wearing a +0 leather armour (severely wounded)
The thunderbolt hits the imperial myrmidon!
The imperial myrmidon is almost dead.
The thunderbolt hits the servant of whispers!
The servant of whispers is moderately wounded.
The thunderbolt hits the saltling!
The saltling is almost destroyed.
The thunderbolt hits the servant of whispers!
The servant of whispers is lightly wounded.
The air resumes its normal movements.
The saltling completely misses you.
The imperial myrmidon gestures at you while chanting.
Your body is wracked with pain!
* * * LOW HITPOINT WARNING * * *
The saltling closely misses you. You block the saltling's attack.
Unknown command.
Unknown command.
Unknown command.
Unknown command.
Unknown command.
A red film seems to cover your vision as you go berserk!
You feel yourself moving faster!
You feel mighty!
The imperial myrmidon gestures at you while chanting.
You are confused.
The saltling hits you but does no damage.
A saltling comes into view.
The saltling hits you but does no damage.
The servant of whispers utters an invocation to its god.
The air becomes perfectly still.
Unknown command.
Unknown command.
You feel a strong urge to attack something.
The imperial myrmidon hits you with a +0 scimitar!
You die...

...............#∆
...............#...... ∆ .....
....9...9......##..... #....#.
................# .... .......
................###..###.......
.................8#..#8.......#
.......)..........#..#.........
...#...........................
...#...).....999@a.............
................aaa..)..a......
.........)......9........a.....
.......#.))....)9a......a......
..#............................
...............................
###############################
###############################
###############################


You could see 3 servants of whispers, 2 imperial myrmidons and 5 saltlings.

Vanquished Creatures
  Jorgrun (D:13)
  Rupert (D:13)
  Mlioglotl (Spider:1)
  Donald (Orc:2)
  Louise (D:15)
  An orc warlord (Orc:2)
  2 broodmothers (Spider:1)
  An ironbound preserver (D:14)
  2 dire elephants
  A halazid warlock (Desolation)
  A spark wasp (Spider:1)
  A minotaur (Gauntlet)
  A fire dragon (Lair:5)
  A crystal guardian (Desolation)
  A ragged hierophant (Desolation)
  3 servants of whispers (Desolation)
  10 hydras
  Harold (Orc:1)
  Erolcha (D:11)
  A hell beast (Gauntlet)
  6 peacekeepers
  5 entropy weavers
  3 ghost crabs (Lair:4)
  4 catoblepae
  A radroach (Spider:1)
  7 boulder beetles
  A death knight (D:15)
  3 centaur warriors (D:14)
  A two-headed ogre (D:11)
  2 death yaks (Lair:5)
  3 orc high priests (Orc:2)
  A demonic crawler (Spider:1)
  A vampire mage (D:15)
  Urug (D:11)
  3 skysharks (Lair:3)
  6 fire crabs
  5 skeletal warriors (D:14)
  A pharaoh ant (Spider:1)
  Lodul (D:13)
  A sun moth (Spider:1)
  A swamp dragon (Lair:5)
  2 steelbarb worms (Spider:1)
  4 orc knights
  A lindwurm (Lair:5)
  7 deep elf pyromancers
  6 orc sorcerers
  5 wolf spiders
  10 ugly things
  6 manticores
  4 cyclopes
  A guardian serpent (Desolation)
  2 elephants (Lair:5)
  3 ice statues (IceCv)
  Maurice (D:10)
  10 cane toads
  4 black mambas
  Maggie (D:7)
  An apocalypse crab (Lair:4)
  2 gargoyles (D:12)
  3 rime drakes
  2 molten gargoyles (Desolation)
  A kobold demonologist (D:13)
  3 ice devils
  7 komodo dragons
  A yaktaur (shapeshifter) (D:13)
  A troll (shapeshifter) (D:14)
  A troll (Orc:1)
  A meliai (shapeshifter) (D:10)
  2 hornets
  2 polar bears
  14 saltlings (Desolation)
  A wind drake (Lair:3)
  12 blink frogs
  Grinder (D:5)
  4 dream sheep
  3 jumping spiders
  10 slime creatures (D:14)
  A shadow (D:11)
  A vampire (D:11)
  2 wraiths (D:12)
  3 culicivoras
  Sigmund (D:2)
  29 yaks
  4 fire bats (Gauntlet)
  7 basilisks
  9 wyverns
  7 redbacks (Spider:1)
  A basilisk (shapeshifter) (D:13)
  3 steam dragons
  12 vampire mosquitoes
  A warg (Orc:1)
  2 harpy simulacra (IceCv)
  4 acid dragons
  A hell hound (Gauntlet)
  17 water moccasins
  33 orc warriors
  A hydra simulacrum (IceCv)
  2 sky beasts (D:6)
  3 ice beasts
  A black bear (D:8)
  5 wolves
  12 ogres
  9 centaurs
  3 kobold brigands
  13 bullfrogs
  2 gnoll sergeants
  11 scorpions
  A cane toad simulacrum (IceCv)
  4 wights (D:7)
  12 killer bees
  2 elephant simulacra (IceCv)
  2 electric eels (D:10)
  A howler monkey (D:7)
  4 hounds
  A wyvern simulacrum (D:8)
  21 orc priests
  A gnoll bouda (D:7)
  A sleepcap (D:5)
  Terence (D:2)
  9 iguanas
  34 orc wizards
  A polar bear simulacrum (IceCv)
  A centaur simulacrum (D:8)
  10 gnolls
  4 adders
  A shadow imp (D:5)
  12 white imps
  3 ufetubi
  5 dart slugs
  84 orcs
  5 endoplasms
  2 giant cockroaches
  10 goblins
  5 hobgoblins
  14 jackals
  6 quokkas
  6 ball pythons
  9 bats
  2 frilled lizards (D:1)
  22 kobolds
  5 rats
730 creatures vanquished.

Vanquished Creatures (collateral kills)
  A death yak (Lair:5)
  Sonja (Orc:2)
  A saltling (Desolation)
  An orc priest (Orc:2)
  An orc wizard (Orc:2)
  An orc (Orc:2)
6 creatures vanquished.

Vanquished Creatures (others)
  An orc warrior (Orc:2)
  An ogre (D:13)
2 creatures vanquished.

Grand Total: 738 creatures vanquished

Notes
Turn   | Place    | Note
-------+----------+-------------------------------------------
     0 | D:1      | jejorda2 the Gnoll Berserker began the quest for the Orb.
     0 | D:1      | Reached XP level 1. HP: 23/23 MP: 1/1
   180 | D:1      | Reached XP level 2. HP: 28/29 MP: 2/2
   278 | D:1      | Found Gosamnong's Magic Scroll Boutique.
   606 | D:1      | Reached ** piety under Trog
   607 | D:1      | Reached XP level 3. HP: 35/35 MP: 3/3
   809 | D:1      | Bought a scroll of blinking for 82 gold pieces
   809 | D:1      | Bought a scroll of identify for 22 gold pieces
   868 | D:2      | Reached skill level 1 in Invocations
   886 | D:2      | Found a faded altar of an unknown god.
  1026 | D:2      | Reached skill level 1 in Short Blades
  1026 | D:2      | Reached skill level 1 in Long Blades
  1026 | D:2      | Reached skill level 1 in Maces & Flails
  1026 | D:2      | Reached skill level 1 in Polearms
  1026 | D:2      | Reached skill level 1 in Staves
  1026 | D:2      | Reached skill level 1 in Ranged Weapons
  1026 | D:2      | Reached skill level 1 in Throwing
  1026 | D:2      | Reached skill level 1 in Stealth
  1026 | D:2      | Reached skill level 1 in Shields
  1026 | D:2      | Reached skill level 1 in Unarmed Combat
  1026 | D:2      | Reached skill level 1 in Spellcasting
  1026 | D:2      | Reached skill level 1 in Evocations
  1098 | D:2      | Noticed Sigmund
  1107 | D:2      | Killed Sigmund
  1108 | D:2      | Reached skill level 1 in Conjurations
  1108 | D:2      | Reached skill level 1 in Hexes
  1108 | D:2      | Reached skill level 1 in Summonings
  1108 | D:2      | Reached skill level 1 in Necromancy
  1108 | D:2      | Reached skill level 1 in Translocations
  1108 | D:2      | Reached skill level 1 in Transmutations
  1108 | D:2      | Reached skill level 1 in Fire Magic
  1108 | D:2      | Reached skill level 1 in Ice Magic
  1108 | D:2      | Reached skill level 1 in Air Magic
  1108 | D:2      | Reached skill level 1 in Earth Magic
  1108 | D:2      | Reached skill level 1 in Poison Magic
  1108 | D:2      | Reached skill level 1 in Shapeshifting
  1108 | D:2      | Reached XP level 4. HP: 41/41 MP: 4/6
  1108 | D:2      | Reached XP level 5. HP: 47/47 MP: 4/7
  1259 | D:2      | Noticed Terence
  1265 | D:2      | Killed Terence
  1266 | D:2      | Reached XP level 6. HP: 53/53 MP: 8/8
  1545 | D:3      | Identified the +0 leather armour "Wasiha" {rN+ Int+2}
  1780 | D:3      | Found a blossoming altar of Fedhas.
  1780 | D:3      | Found a shimmering blue altar of Sif Muna.
  1872 | D:3      | Found an opulent altar of Gozag.
  2033 | D:3      | Found a snail-covered altar of Cheibriados.
  2378 | D:4      | Reached skill level 5 in Armour
  2378 | D:4      | Reached skill level 5 in Dodging
  2480 | D:4      | Identified the +3 dagger "Taadwef" {freeze, rElec rPois
                  | Dex-2}
  2509 | D:4      | Found a sacrificial altar of Ru.
  2625 | D:4      | Found an ornate altar of the Wu Jian Council.
  2654 | D:4      | You fall into a shaft and drop 3 floors!
  2654 | D:5      | Identified the "Macicw"
  2654 | D:5      | Identified the "Cijyn"
  2666 | D:7      | Noticed a hornet
  2676 | D:7      | Killed a hornet
  2677 | D:7      | Reached XP level 7. HP: 60/60 MP: 10/10
  2767 | D:7      | Noticed a steam dragon
  2780 | D:7      | Killed a steam dragon
  3106 | D:7      | Reached XP level 8. HP: 67/67 MP: 12/12
  3471 | D:7      | Reached *** piety under Trog
  3886 | D:7      | Reached XP level 9. HP: 67/73 MP: 14/14
  3912 | D:7      | Noticed Maggie
  4152 | D:7      | Found a staircase to the Ecumenical Temple.
  4255 | D:8      | Reached skill level 5 in Invocations
  4390 | D:8      | Reached XP level 10. HP: 48/80 MP: 17/17
  4499 | D:8      | Reached skill level 5 in Short Blades
  4499 | D:8      | Reached skill level 5 in Long Blades
  4499 | D:8      | Reached skill level 5 in Maces & Flails
  4499 | D:8      | Reached skill level 5 in Polearms
  4499 | D:8      | Reached skill level 5 in Staves
  4499 | D:8      | Reached skill level 5 in Ranged Weapons
  4499 | D:8      | Reached skill level 5 in Throwing
  4499 | D:8      | Reached skill level 5 in Stealth
  4499 | D:8      | Reached skill level 5 in Shields
  4499 | D:8      | Reached skill level 5 in Unarmed Combat
  4499 | D:8      | Reached skill level 5 in Spellcasting
  4499 | D:8      | Reached skill level 5 in Evocations
  4593 | D:8      | Found a staircase to the Lair.
  4731 | D:8      | Found a white marble altar of Elyvilon.
  5284 | D:7      | Killed Maggie
  5285 | D:7      | Reached skill level 5 in Shapeshifting
  6978 | D:5      | Entered Level 5 of the Dungeon
  7183 | D:1      | Bought a scroll of revelation for 82 gold pieces
  7958 | D:5      | Found a radiant altar of Vehumet.
  8274 | D:5      | Noticed Grinder
  8285 | D:5      | Killed Grinder
  9036 | D:9      | Reached XP level 11. HP: 85/87 MP: 19/19
  9480 | D:9      | Reached skill level 5 in Conjurations
  9480 | D:9      | Reached skill level 5 in Hexes
  9480 | D:9      | Reached skill level 5 in Summonings
  9480 | D:9      | Reached skill level 5 in Necromancy
  9480 | D:9      | Reached skill level 5 in Translocations
  9480 | D:9      | Reached skill level 5 in Transmutations
  9480 | D:9      | Reached skill level 5 in Fire Magic
  9480 | D:9      | Reached skill level 5 in Ice Magic
  9480 | D:9      | Reached skill level 5 in Air Magic
  9480 | D:9      | Reached skill level 5 in Earth Magic
  9480 | D:9      | Reached skill level 5 in Poison Magic
  9522 | D:9      | Reached **** piety under Trog
  9729 | D:9      | Noticed a deep elf pyromancer
  9739 | D:9      | Killed a deep elf pyromancer
  9883 | D:10     | Entered Level 10 of the Dungeon
 10074 | D:10     | Noticed a manticore
 10085 | D:10     | Killed a manticore
 10705 | D:10     | Identified the +1 ring mail "Rujuyno" {rPois Regen+ Slay+3}
 10817 | D:10     | Noticed Maurice
 10821 | D:10     | Maurice stole a +4 spear
 10822 | D:10     | Killed Maurice
 10836 | D:10     | Noticed a red ugly thing
 10842 | D:10     | Killed a red ugly thing
 11025 | D:10     | Noticed a cyclops
 11031 | D:10     | Killed a cyclops
 11561 | D:11     | Noticed Urug
 11574 | D:11     | Killed Urug
 12068 | D:11     | Noticed a cyclops
 12078 | D:11     | Killed a cyclops
 12229 | D:11     | Noticed a two-headed ogre
 12234 | D:11     | Killed a two-headed ogre
 12235 | D:11     | Reached XP level 12. HP: 97/97 MP: 22/22
 12298 | D:11     | Noticed Erolcha
 12302 | D:11     | Killed Erolcha
 12524 | D:11     | Found a staircase to the Orcish Mines.
 12713 | Lair:1   | Entered Level 1 of the Lair of Beasts
 13511 | Lair:2   | Reached skill level 10 in Fighting
 13511 | Lair:2   | Reached skill level 10 in Axes
 13929 | Lair:2   | Noticed an eight-headed hydra
 13940 | Lair:2   | Killed an eight-headed hydra
 14357 | Lair:2   | Found a hole to the Spider Nest.
 14601 | Lair:3   | Reached XP level 13. HP: 104/104 MP: 23/25
 14669 | Lair:3   | Found a staircase to the Shoals.
 15689 | Lair:4   | Found a staircase to the Slime Pits.
 15735 | Lair:4   | Found a runed translucent door.
 15779 | Lair:4   | Found a frozen archway.
 15814 | IceCv    | Entered an ice cave
 16786 | Lair:4   | Identified the +0 ring mail of the Lumpy Prophets {rC-
                  | Int+2 Slay+2}
 16889 | Lair:4   | Reached skill level 10 in Armour
 16889 | Lair:4   | Reached skill level 10 in Dodging
 17304 | Lair:5   | Entered Level 5 of the Lair of Beasts
 17465 | Lair:5   | Noticed a dire elephant
 17474 | Lair:5   | Reached XP level 14. HP: 70/113 MP: 25/27
 18067 | Lair:5   | Reached skill level 10 in Invocations
 18399 | Lair:5   | Killed a dire elephant
 19091 | Lair:5   | Found the +3 Elemental Staff {ele, rElec rF+ rC+ AC+3}
 19630 | D:12     | Identified a scroll of acquirement
 19631 | D:12     | Acquired the +0 cloak "Miunn" {rF++}
 20374 | Lair:4   | Identified the +1 buckler "Idghueh" {*Corrode Will+ Regen+}
 20389 | Lair:4   | Identified the ring of the Jester {rElec rPois rN+ Will-
                  | Str+3}
 20958 | D:12     | Acquired a manual of Shields
 20960 | D:12     | Acquired the +0 crystal plate armour of Whack-A-Mole {rC+
                  | Will+ Slay+3 SInv}
 21921 | D:13     | Noticed Lodul
 21932 | D:13     | Killed Lodul
 21944 | D:13     | Reached skill level 10 in Shields
 22011 | D:13     | Found Ymizxung's Tiny Tomes.
 22129 | D:13     | Reached XP level 15. HP: 120/120 MP: 28/28
 22197 | D:13     | Noticed Rupert
 22329 | D:13     | Noticed Jorgrun
 22344 | D:13     | Killed Jorgrun
 22414 | D:13     | Killed Rupert
 22415 | D:13     | Reached skill level 10 in Short Blades
 22415 | D:13     | Reached skill level 10 in Long Blades
 22415 | D:13     | Reached skill level 10 in Maces & Flails
 22415 | D:13     | Reached skill level 10 in Polearms
 22415 | D:13     | Reached skill level 10 in Staves
 22415 | D:13     | Reached skill level 10 in Ranged Weapons
 22415 | D:13     | Reached skill level 10 in Throwing
 22415 | D:13     | Reached skill level 10 in Stealth
 22415 | D:13     | Reached skill level 10 in Unarmed Combat
 22415 | D:13     | Reached skill level 10 in Spellcasting
 22415 | D:13     | Reached skill level 10 in Evocations
 22648 | D:14     | Found a gate to the Vaults.
 22723 | D:14     | Found a gate leading to a gauntlet.
 22724 | D:14     | Found a sparkling altar of Nemelex Xobeh.
 22746 | Gauntlet | Entered a Gauntlet
 22746 | Gauntlet | Found a transporter.
 22746 | Gauntlet | Found a transporter.
 22746 | Gauntlet | Found a transporter.
 22813 | Gauntlet | Found a transporter.
 22816 | Gauntlet | Found a transporter.
 22816 | Gauntlet | Found a transporter.
 22826 | Gauntlet | Found a transporter.
 22830 | Gauntlet | Found a transporter.
 22840 | Gauntlet | Found a transporter.
 22851 | Gauntlet | Identified the ring "Wasoumn" {Ice rElec rCorr Dex-2
                  | Stlth+}
 22946 | Gauntlet | Found a transporter.
 22947 | Gauntlet | Found a transporter.
 22956 | Gauntlet | Found a transporter.
 23402 | Gauntlet | Identified the +1 whip of Fate {flame, rF+}
 23402 | Gauntlet | Identified the +3 short sword "Roucwokeff" {heavy, rF+
                  | Will+ SInv}
 25011 | D:15     | Entered Level 15 of the Dungeon
 25782 | D:15     | Noticed Louise
 25805 | D:15     | Killed Louise
 26884 | D:15     | Found a staircase to the Depths.
 27230 | Orc:1    | Entered Level 1 of the Orcish Mines
 27272 | Orc:1    | Noticed Harold
 27290 | Orc:1    | Killed Harold
 27658 | Orc:1    | Reached ***** piety under Trog
 27659 | Orc:1    | Found a bloodstained altar of Trog.
 27795 | Orc:1    | Found Maon's Book Boutique.
 27915 | Orc:2    | Entered Level 2 of the Orcish Mines
 27915 | Orc:2    | Found Waymue's Weapon Emporium.
 27924 | Orc:2    | Found Retu's Magic Scroll Shoppe.
 27967 | Orc:2    | Found a staircase to the Elven Halls.
 28137 | Orc:2    | Reached XP level 16. HP: 119/129 MP: 30/30
 28182 | Orc:2    | Found Didaum's Antique Armour Shop.
 28427 | Orc:2    | Noticed Sonja
 28438 | Orc:2    | Killed Sonja
 28635 | Orc:2    | Reached skill level 10 in Shapeshifting
 28745 | Orc:2    | Reached ****** piety under Trog
 28822 | Orc:2    | Paralysed by an orc sorcerer for 5 turns
 28828 | Orc:2    | Received a gift from Trog
 28968 | Orc:2    | Found Heej's Antique Armour Emporium.
 28969 | Orc:2    | Found Wuetef's Antique Weapon Shoppe.
 28970 | Orc:2    | Found Wylil's General Store.
 28970 | Orc:2    | Found Foidih's Book Emporium.
 28992 | Orc:2    | Noticed Donald
 29015 | Orc:2    | Killed Donald
 29368 | Spider:1 | Entered Level 1 of the Spider Nest
 29400 | Spider:1 | Identified the +2 leather armour of the Wilderness {Str+3
                  | Slay+3}
 29423 | Spider:1 | Noticed Mlioglotl
 29432 | Spider:1 | Killed Mlioglotl
 31449 | Vaults:5 | Identified the of Didixev
 31449 | Crypt:3  | Identified the of Xebboq
 31449 | WizLab   | Identified the "Udip Zil"
 31449 | Depths:1 | Identified the "Qinemuh"
 31449 | Depths:2 | Identified the "Heskoaze"
 31449 | Desolati | Identified the "Hut Fil"
 31449 | Desolati | Identified the "Kiukkoc"
 31449 | Desolati | Identified the "Giufoar"
 31449 | Elf:1    | Entered Level 1 of the Elven Halls
 31465 | Elf:1    | Found a crumbling gateway.
 31527 | Desolati | Entered the Desolation of Salt
 31643 | Desolati | Identified the +2 scimitar "Gadeet" {flame, rElec Str+3
                  | Dex+3} (Trog gifted it to you in the Desolation of Salt)
 31643 | Desolati | Received a gift from Trog
 31729 | Desolati | Slain by an imperial myrmidon

Illustrated notes

Levels and vault maps discovered:
D:1:      psy_arrival_statuary, layout_loops_ring, serial_shops,
          nicolae_shop_rolled_up, reono_crystal_passage
D:2:      layout_rooms, basic_ecumenical_altar, uniq_terence, uniq_sigmund
D:3:      layout_basic, mainiacjoe_overflow_chevrons,
          nicolae_overflow_hidden_temple, minmay_misc_feat_nine_boxes
D:4:      layout_basic, nicolae_ru_path_of_blood, nzn_wu_jian_contemplation,
          minmay_misc_feat_hallway
D:5:      layout_basic, vehumet_statue, uniq_grinder
D:6:      layout_layer_cave
D:7:      old_forge, layout_loops_corners, minmay_temple_entry_from_below_a,
          dreamdust_gnoll_shepherd, uniq_maggie
D:8:      layout_rooms, elyvilon_altar_4, minmay_lair_entry_grove, serial_ice,
          serial_ice_b, serial_ice_n, serial_ice_m, serial_ice_f
D:9:      layout_long_grid, serial_rivers, chequers_serial_rivers_marsh,
          chequers_serial_rivers_micro_d, chequers_serial_rivers_room_b,
          chequers_serial_rivers_micro_c
D:10:     layout_basic, amcnicky_mini_pool_medium, uniq_maurice
D:11:     layout_irregular_city, david_orc_4, uniq_erolcha, uniq_urug
D:12:     layout_basic
D:13:     layout_irregular_city, nicolae_shop_i_like_small_books_too,
          uniq_lodul, uniq_jorgrun, uniq_rupert
D:14:     layout_loops_corners, skrybe_vaults_entry_preservation,
          gauntlet_entry_generic, nemelex_xobeh_ov_fountains_minmay
D:15:     hangedman_depths_entry_try_elsewhere_first, layout_loops_ring,
          nzn_life_drinkers, uniq_louise
Lair:1:   layout_cave_shapes
Lair:2:   layout_gridlike, spider_nest_entry_funnel_web, serial_bayou_shore_b,
          grunt_megastairs_5, infiniplex_staircase_pool
Lair:3:   layout_roguey, minmay_shoals_entry_beasts, grunt_megastairs_2
Lair:4:   gammafunk_mikee_crab_dinner, layout_cave_pods, slime_entry_1,
          portal_ice_cave_demonic_guard
Lair:5:   guppyfry_lair_end_dragon, layout_long_grid, hangedman_lair_in_review,
          infiniplex_staircase_pool_2
Spider:1: nicolae_spider_hilbert_zone_5 [nicolae_spider_hilbert_3_sides_1_open,
          nicolae_spider_hilbert_4_sides_1_open,
          nicolae_spider_hilbert_4_sides_1_open,
          nicolae_spider_hilbert_6_sides_1_open,
          nicolae_spider_hilbert_6_sides_1_open], uniq_mlioglotl
Orc:1:    layout_caves, serial_shops, nicolae_shop_rolling_square, basic_altar,
          minmay_orc_keep, uniq_harold
Orc:2:    st_orc_congregation, layout_caves, serial_shops,
          nicolae_shop_hallway_stairs, shop, nicolae_shop_stone, uniq_donald,
          uniq_sonja
Elf:1:    hangedman_cross_veins, layout_gridlike,
          portal_desolation_entry_twin_temple, serial_shops, shop,
          nicolae_shop_industrial_runoff, kennysheep_underground_church
Desolation

Skill      XL: |  1  2  3  4  5  6  7  8  9 10 11 12 13 14 15 16 |
---------------+-------------------------------------------------+-----
Invocations    | 1 2 3 4 5 6 7 8 9 10 11 12 | 12.3
Short Blades   | 1 2 3 4 5 7 8 9 10 11 | 11.4
Long Blades    | 1 2 3 4 5 7 8 9 10 11 | 11.4
Maces & Flails | 1 2 3 4 5 7 8 9 10 11 | 11.4
Polearms       | 1 2 3 4 5 7 8 9 10 11 | 11.4
Staves         | 1 2 3 4 5 7 8 9 10 11 | 11.4
Ranged Weapons | 1 2 3 4 5 7 8 9 10 11 | 11.4
Throwing       | 1 2 3 4 5 7 8 9 10 11 | 11.4
Stealth        | 1 2 3 4 5 7 8 9 10 11 | 11.4
Shields        | 1 2 3 4 5 7 8 9 10 11 12 | 12.8
Unarmed Combat | 1 2 3 4 5 7 8 9 10 11 | 11.4
Spellcasting   | 1 2 3 4 5 7 8 9 10 11 | 11.4
Evocations     | 1 2 3 4 5 7 8 9 10 11 | 11.4
Conjurations   | 1 2 3 4 5 6 7 8 9 |  9.6
Hexes          | 1 2 3 4 5 6 7 8 9 |  9.6
Summonings     | 1 2 3 4 5 6 7 8 9 |  9.6
Necromancy     | 1 2 3 4 5 6 7 8 9 |  9.6
Translocations | 1 2 3 4 5 6 7 8 9 |  9.6
Transmutations | 1 2 3 4 5 6 7 8 9 |  9.6
Fire Magic     | 1 2 3 4 5 6 7 8 9 |  9.6
Ice Magic      | 1 2 3 4 5 6 7 8 9 |  9.6
Air Magic      | 1 2 3 4 5 6 7 8 9 |  9.6
Earth Magic    | 1 2 3 4 5 6 7 8 9 |  9.6
Poison Magic   | 1 2 3 4 5 6 7 8 9 |  9.6
Shapeshifting  | 1 2 3 4 5 6 7 8 9 10 | 10.4
Armour         | 5 6 7 8 9 10 11 12 | 12.2
Dodging        | 5 6 7 8 9 10 11 12 | 12.2
Fighting       | 7 8 9 10 11 12 13 | 13.0
Axes           | 7 8 9 10 11 12 13 | 13.0

Action                     |  1- 3 |  4- 6 |  7- 9 | 10-12 | 13-15 | 16-18 || total
---------------------------+-------+-------+-------+-------+-------+-------++-------
  Melee: Hand axe          |    91 |     4 |       |       |       |       ||    95
         Bite              |    14 |    10 |    15 |    63 |   171 |    65 ||   338
         Spear             |     6 |    91 |    69 |       |       |       ||   166
         Dagger            |       |       |    56 |       |       |       ||    56
         War axe           |       |       |   112 |   578 |   754 |   241 ||  1685
         Punch             |       |       |     7 |    20 |    47 |       ||    74
         Dire flail        |       |       |       |     5 |   229 |       ||   234
         Eveningstar       |       |       |       |       |    33 |   116 ||   149
  Throw: Dart              |       |       |     3 |    69 |    66 |    23 ||   161
         Boomerang         |       |       |       |       |    10 |    11 ||    21
         Javelin           |       |       |       |       |    20 |     8 ||    28
 Invoke: Berserk           |     1 |     4 |     9 |    20 |    37 |    13 ||    84
         Trog's Hand       |     1 |       |     4 |    10 |    12 |     6 ||    33
         Brothers in Arms  |       |       |       |       |     4 |     1 ||     5
  Evoke: Wand              |       |       |       |     5 |     1 |     2 ||     8
         Lightning rod     |       |       |       |       |       |     3 ||     3
    Use: Scroll            |     1 |       |       |    21 |    15 |     4 ||    41
         Potion            |       |       |       |       |     2 |     7 ||     9
   Stab: Invisible         |       |       |       |     2 |       |       ||     2
         Sleeping          |       |       |       |     2 |     4 |       ||     6
         Distracted        |       |       |       |       |     4 |       ||     4
         Paralysed         |       |       |       |       |       |     2 ||     2
 Armour: Chain mail        |    57 |    45 |   183 |    69 |       |       ||   354
         Plate armour      |       |       |       |   182 |     9 |       ||   191
         Ring mail         |       |       |       |   157 |   456 |       ||   613
         Ice dragon scales |       |       |       |       |    70 |       ||    70
         Crystal plate arm |       |       |       |       |   461 |   370 ||   831
  Dodge: Dodged            |    28 |    40 |   105 |   346 |   544 |   138 ||  1201
  Block: Kite shield       |       |       |       |       |    65 |   227 ||   292

Table legend: (Time is in decaauts)
 A = Elapsed time spent in this place.
 B = Non-inter-level travel time spent in this place.
 C = Inter-level travel time spent in this place.
 D = Time resting spent in this place.
 E = Time spent auto-exploring this place.
 F = Levels seen in this place.
 G = Mean time per level.
                   A        B        C        D        E       F      G
               +--------+--------+--------+--------+--------+-----+--------+
         Total |  32324 |  28882 |   3442 |   5860 |  17527 |  27 | 1197.2 |
       Dungeon |  19333 |  17118 |   2215 |   2804 |  11443 |  15 | 1288.9 |
          Lair |   7485 |   6418 |   1067 |   1528 |   3498 |   5 | 1497.0 |
   Spider Nest |   1961 |   1868 |     93 |    582 |   1094 |   1 | 1961.0 |
  Orcish Mines |   1921 |   1856 |     65 |    234 |   1183 |   2 |  960.5 |
   Elven Halls |     87 |     87 |      0 |     49 |      0 |   1 |   87.0 |
      Ice Cave |    581 |    581 |      0 |    370 |      4 |   1 |  581.0 |
    Desolation |    212 |    212 |      0 |     33 |     28 |   1 |  212.0 |
      Gauntlet |    740 |    740 |      0 |    258 |    276 |   1 |  740.0 |
               +--------+--------+--------+--------+--------+-----+--------+

Top non-repeatable levels by time:
  Lair:4: 2255 daAuts
     D:7: 2056 daAuts
Spider:1: 1961 daAuts
    D:14: 1944 daAuts
  Lair:5: 1852 daAuts
    D:10: 1824 daAuts
     D:8: 1646 daAuts
    D:11: 1508 daAuts
    D:15: 1345 daAuts
   Orc:2: 1319 daAuts
    D:12: 1312 daAuts
  Lair:2: 1255 daAuts
     D:5: 1201 daAuts
  Lair:3: 1157 daAuts
    D:13: 1118 daAuts
